 Dungeon Crawl Stone Soup version 0.29.0-4-gdea44cf6ec (webtiles) character file.

Game seed: 3858399207878432026

24 qw the Chopper (level 3, 0/21 HPs)
             Began as a Tengu Warper on Aug 28, 2022.
             Slain by a gnoll
             ... wielding a +0 flail
              (6 damage)
             ... on level 2 of the Dungeon.
             The game lasted 00:00:05 (1256 turns).

qw the Chopper (Tengu Warper)                       Turns: 1256, Time: 00:00:06

Health: 0/21       AC: 10    Str: 13    XL:     3   Next: 2%
Magic:  7/7        EV:  7    Int: 13    God:
Gold:   16         SH:  0    Dex: 13    Spells: 6/6 levels left

rFire   . . .      SeeInvis .   Y - +0 hand axe
rCold   . . .      Faith    .   (no shield)
rNeg    . . .      Spirit   .   m - +0 plate armour
rPois   .          Reflect  .   (helmet restricted)
rElec   .          Harm     .   (no cloak)
rCorr   .          Rampage  .   (no gloves)
Will    .....                   (boots unavailable)
Stlth   ..........              (no amulet)
HPRegen 0.07/turn               k - +4 ring of evasion
MPRegen 0.10/turn               (no ring)

@: no status effects
A: beak, talons 3
a: no special abilities


You were on level 2 of the Dungeon.
You visited 1 branch of the dungeon, and saw 2 of its levels.

You collected 71 gold pieces.
You spent 55 gold pieces at shops.


Innate Abilities, Weirdness & Mutations

You have a beak for a mouth.
You have claws for feet.


   Skills:
 - Level 2.0 Fighting
 + Level 3.7 Axes
 - Level 1.0 Throwing
 - Level 1.1 Armour
 - Level 2.1 Dodging
 - Level 2.0 Spellcasting
 - Level 2.4 Translocations


You had 6 spell levels left.
You didn't know any spells.
Your spell library contained the following spells:

 Spells                   Type           Power      Damage    Failure   Level
 Blink                    Tloc           14%        N/A       100%        2
 Gell's Gravitas          Tloc           7%         N/A       100%        3
 Lesser Beckoning         Tloc           7%         N/A       100%        3
 Teleport Other           Tloc           7%         N/A       100%        3
 Manifold Assault         Tloc           7%         N/A       100%        5

Inventory:

Hand Weapons
 r - a +0 mace
 Y - a +0 hand axe (weapon)
Armour
 m - a +0 plate armour (worn)
Jewellery
 k - a +4 ring of evasion (left hand)
Scrolls
 g - a scroll of identify
Potions
 f - a potion of magic {unknown}
 i - 2 potions of curing
 n - a potion of might {unknown}
 q - a potion of heal wounds

Dungeon Overview and Level Annotations

Branches:
Dungeon (2/15)

Altars:

Shops:
D:1 *


Message History

You hit the gnoll but do no damage. Your kick misses the gnoll.
Your peck misses the gnoll. You barely miss the hobgoblin.
You closely miss the gnoll. You barely miss the ball python.
You closely miss the gnoll. The hobgoblin hits you.
The gnoll hits you but does no damage. The gnoll hits you with a +0 flail.
The gnoll closely misses you.
The ball python bites you but does no damage.
The ball python grabs you. The ball python constricts you.
You barely miss the ball python. Your kick misses the ball python.
You barely miss the gnoll. You closely miss the gnoll. You hit the gnoll.
You hit the hobgoblin.
The hobgoblin hits you but does no damage.
The gnoll hits you but does no damage. x3
The ball python bites you but does no damage.
The ball python constricts you.
You barely miss the ball python. You hit the gnoll but do no damage. x2
You closely miss the hobgoblin. You hit the gnoll but do no damage.
The ball python bites you but does no damage.
The ball python constricts you. The gnoll barely misses you.
The hobgoblin hits you but does no damage.
The gnoll hits you but does no damage. x2
The ball python bites you but does no damage.
The ball python constricts you.
You closely miss the ball python. You barely miss the gnoll.
You hit the gnoll. x2
You hit the hobgoblin.
You kill the hobgoblin!
The gnoll hits you but does no damage. x3
The ball python bites you but does no damage.
The ball python constricts you.
You have reached level 3!
Your experience leads to an increase in your attributes!
Increase (S)trength, (I)ntelligence, or (D)exterity?
You feel stronger. x2
You hit the ball python but do no damage.
You claw the ball python.
You kill the ball python!
You hit the gnoll. x2; You barely miss the gnoll.
The gnoll barely misses you. The gnoll hits you with a +0 flail.
The gnoll barely misses you. The gnoll hits you with a +0 flail.
You die...

#........
##........
.#........
.........
.........
#........
#%.......
#@g......
......gg#......
......... #####
......####
...... ......
..... #####


You could see 3 gnolls.

Vanquished Creatures
  A gnoll (D:1)
  A worm (D:1)
  A bat (D:1)
  2 endoplasms (D:1)
  2 hobgoblins
  A quokka (D:1)
  A ball python (D:2)
  2 goblins (D:1)
  2 rats (D:1)
13 creatures vanquished.

Notes
Turn   | Place    | Note
-------+----------+-------------------------------------------
     0 | D:1      | qw the Tengu Warper began the quest for the Orb.
     0 | D:1      | Reached XP level 1. HP: 12/12 MP: 4/4
     0 | D:1      | 0 ||| qw: Version: 0.1-a-89-g26bdef1
     0 | D:1      | 0 ||| qw: Game counter: 1478
     0 | D:1      | 0 ||| qw: Always use a shield: true
     0 | D:1      | 0 ||| qw: God list: Okawaru
     0 | D:1      | 0 ||| qw: Allow faded altars: false
     0 | D:1      | 0 ||| qw: Do Orc after D:15 true
     0 | D:1      | 0 ||| qw: Do second Lair branch before Depths: true
     0 | D:1      | 0 ||| qw: Lair rune preference: random
     0 | D:1      | 0 ||| qw: Plans: Normal
     0 | D:1      | 0 ||| PLANNING D:1-11
    18 | D:1      | 18 ||| Stepping ~*~*~tactically~*~*~ (stealth).
   167 | D:1      | Reached skill level 3 in Axes
   167 | D:1      | Reached XP level 2. HP: 16/17 MP: 6/6
   293 | D:1      | HP: 3/17 [worm (11)]
   767 | D:1      | Found Numuoqom's General Store.
   775 | D:1      | 775 ||| SHOPLISTING potion of haste (110 gold, have 63).
   775 | D:1      | 775 ||| BUYING potion of heal wounds (55 gold).
   775 | D:1      | Bought a potion of heal wounds for 55 gold pieces
   775 | D:1      | 775 ||| SHOPLISTING scroll of brand weapon (104 gold, have
                  | 8).
   775 | D:1      | 775 ||| SHOPLISTING scroll of identify (22 gold, have 8).
   775 | D:1      | 775 ||| SHOPLISTING scroll of teleportation (33 gold, have
                  | 8).
   897 | D:1      | 897 ||| DROPPING +0 club.
   963 | D:1      | 963 ||| UPGRADING to +0 chain mail.
   973 | D:1      | 973 ||| DROPPING +0 leather armour.
   974 | D:1      | 974 ||| UPGRADING to +0 plate armour.
   984 | D:1      | 984 ||| DROPPING +0 chain mail.
   985 | D:1      | 985 ||| UPGRADING to +4 ring of evasion.
   986 | D:1      | 986 ||| READING scroll labelled ZITYL KYKAIPEY.
   987 | D:1      | 987 ||| READING scroll labelled PILONLYUCK.
   988 | D:1      | 988 ||| READING 2 scrolls labelled EMOBERRAACY.
   989 | D:1      | 989 ||| READING scroll labelled NIOQEH DEITSABB.
   993 | D:1      | 993 ||| READING scroll labelled VUMOUF KIXOI.
   994 | D:1      | 994 ||| READING scroll labelled SYTSUWNUTT.
   995 | D:1      | 995 ||| DRINKING 3 fuming grey potions.
   996 | D:1      | 996 ||| DROPPING scroll of blinking.
  1036 | D:2      | 1036 ||| STAIRDANCE
  1256 | D:2      | Reached XP level 3. HP: 12/21 MP: 7/7
  1256 | D:2      | Slain by a gnoll

Levels and vault maps discovered:
D:1:      dpeg_arrival_ternary, layout_basic, serial_shops,
          nicolae_shop_hallway_plus, nicolae_wormholes
D:2:      layout_rooms, basic_altar, hellmonk_ecumenical_altar_lost_god

Skill      XL: |  1 |
---------------+----+-----
Axes           | 3 |  3.7
Fighting       | |  2.0
Throwing       | |  1.0
Armour         | |  1.1
Dodging        | |  2.1
Spellcasting   | |  2.0
Translocations | |  2.4

Action                   || total
-------------------------++-------
Melee: Hand axe          ||    37
       Kick              ||     4
       Peck              ||     3
Throw: Boomerang         ||     7
  Use: Scroll            ||     6
       Potion            ||     1
Armor: Leather armour    ||    10
       Plate armour      ||    18
Dodge: Dodged            ||    24

Table legend:
 A = Non-vault XP
 B = Vault XP
 C = Vault XP percentage of total XP
 D = Non-vault monster count
 E = Vault monster count
 F = Vault count percentage of total count
                 A         B        C        D         E       F
            +---------+---------+-------+---------+---------+-------
      Total |      31 |       5 |  13.9 |      12 |       1 |   7.7
            +---------+---------+-------+---------+---------+-------
        D:1 |      28 |       5 |  15.2 |      10 |       1 |   9.1
        D:2 |       3 |       0 |   0.0 |       2 |       0 |   0.0
            +---------+---------+-------+---------+---------+-------
